AoeStats
← Juanfreelance

Pilgrims

508342442Analyzed
2v2 RM · 11d ago on Sep 22, 2026· 35m 4s· 4 players
Game mode
Random Map
Map size
Medium (4 player)
Population
200
Speed
Normal
Resources
Standard
Victory
Conquest
Starting age
Dark Age
Ending age
Imperial Age
RankedLock teamsTeams togetherTeam positionsShared explorationLock speedFull tech treeHidden civsTurbo modeCheats
Victory
Defeat
🇨🇱 Mongols · Chile
1279
+17
🇵🇦 Persians · Panama
1251
+17
🇨🇱 Persians · Chile
1293
-17
1293
-17
semarch98
7:22 Loom
9:21 Feudal Age
16:12 Double-Bit Axe
16:08 Horse Collar
21:13 Castle Age
19:09 Gold Mining
20:44 Fletching
22:09 Medium Warships
22:15 Bodkin Arrow
25:44 Bow Saw
29:28 Fishing Lines
30:02 Fishing Lines
35:34 Imperial Age
33:43 Gillnets
34:37 Ballistics
Juanfreelance
6:20 Loom
10:19 Feudal Age
10:56 Horse Collar
11:33 Horse Collar
11:39 Double-Bit Axe
15:53 Castle Age
17:47 Husbandry
23:56 Wheelbarrow
25:42 Hand Cart
25:37 Gold Mining
26:38 Heavy Plow
26:51 Bow Saw
32:40 Imperial Age
31:00 Bloodlines
30:52 Town Watch
31:21 Forging
31:16 Scale Barding Armor
31:49 Gold Shaft Mining
32:31 Fletching
33:17 Iron Casting
32:48 Scale Barding Armor
33:41 Bodkin Arrow
33:23 Light Cavalry
33:41 Heavy Camel Rider
34:58 Town Patrol
34:38 Cavalier
[Telo] ~ The Highest Threat
9:08 Loom
12:03 Feudal Age
13:14 Double-Bit Axe
13:45 Fletching
15:22 Town Watch
16:22 Fishing Lines
20:22 Castle Age
20:50 Forging
20:40 Scale Mail Armor
21:00 Bodkin Arrow
21:21 Medium Warships
21:01 Gillnets
22:00 Bow Saw
26:22 Ballistics
26:49 Careening
29:54 Clinker Construction
30:38 Cilician Fleet
33:55 Imperial Age
33:15 Demolition Ship
[Telo] ~ XuPaL0 TeL0
6:49 Loom
9:41 Feudal Age
13:45 Town Watch
17:05 Castle Age
17:47 Medium Warships
20:36 Fishing Lines
22:05 Wheelbarrow
24:55 Double-Bit Axe
28:15 Horse Collar
30:22 Bloodlines
30:27 Scale Barding Armor
32:21 Forging
Connection lost

Rejoining the realm…

Still unreachable

The connection could not be restored.

Session expired

The server has moved on; the page needs a fresh start.